 Dungeon Crawl Stone Soup version 0.29-a0-384-g6960b1960d (webtiles) character file.

Game seed: 15540908968863655591

3173 croobank the Covert (level 9, -3/71 (74) HPs)
             Began as a Gnoll Delver on May 7, 2022.
             Was an Initiate of Gozag.
             Killed from afar by a steam dragon (12 damage)
             ... with a ball of steam
             ... on level 8 of the Dungeon.
             The game lasted 00:34:44 (9765 turns).

croobank the Covert (Gnoll Delver)                  Turns: 9765, Time: 00:34:44

HP:   -3/71 (74)    AC: 21    Str: 13    XL:     9   Next: 95%
MP:   16/16         EV:  5    Int: 12    God:    Gozag
Gold: 214           SH:  0    Dex: 14    Spells: 12/17 levels left

rFire   . . .      SeeInvis .   j - +1 war axe (vorpal)
rCold   + . .      Faith    .   (no shield)
rNeg    . . .      Spirit   .   F - +4 plate armour {rC+}
rPois   .          Reflect  .   (helmet restricted)
rElec   .          Harm     .   (no cloak)
rCorr   .          Rampage  .   x - +1 pair of gloves
Will    .....                   G - +0 pair of boots
Stlth   ..........              i - amulet of magic regeneration
HPRegen 0.21/turn               (no ring)
MPRegen 0.55/turn               (no ring)

@: lightly drained
A: fangs 1, strong nose, distributed training, antennae 1, iridescent scales 1,
screaming 1, wild magic 1
a: Renounce Religion, Potion Petition, Call Merchant, Bribe Branch


You were on level 8 of the Dungeon.
You worshipped Gozag.
Gozag was aware of your devotion.
You visited 2 branches of the dungeon, and saw 9 of its levels.
You also visited: Ossuary.

You collected 977 gold pieces.
You spent 650 gold pieces at shops.
You paid 113 gold pieces to Gozag.

Inventory:

Hand Weapons
 a - a +3 trident of freezing
 b - a +0 hunting sling
 j - a +1 vorpal war axe (weapon)
 v - a +3 falchion
 A - a +0 battleaxe
 B - a +4 dagger of draining
 K - a +0 morningstar
Missiles
 k - 272 stones
 D - 9 boomerangs
 M - 3 poisoned darts
Armour
 x - a +1 pair of gloves (worn)
 F - a +4 plate armour of cold resistance (worn)
 G - a +0 pair of boots (worn)
Jewellery
 i - an amulet of magic regeneration (around neck)
 y - a ring of see invisible
Wands
 g - a wand of digging (2)
 o - a wand of mindburst (10) (quivered)
 r - a wand of polymorph (6)
 J - a wand of paralysis (6)
Scrolls
 c - 2 scrolls of fog
 d - 3 scrolls of magic mapping
 e - 2 scrolls of fear
 u - 6 scrolls of teleportation
 E - a scroll of poison {unknown}
 L - a scroll of amnesia
Potions
 f - a potion of haste
 l - 2 potions of might
 n - a potion of flight {unknown}
 p - a potion of resistance
 q - 2 potions of mutation
 t - 4 potions of curing
 w - 2 potions of degeneration {unknown}
 z - a potion of lignification
 C - 2 potions of magic {unknown}
 I - 3 potions of brilliance


   Skills:
 + Level 8.1 Fighting
 + Level 4.7 Short Blades
 + Level 4.7 Long Blades
 + Level 6.6 Axes
 + Level 4.7 Maces & Flails
 + Level 4.7 Polearms
 + Level 4.7 Staves
 + Level 4.7 Slings
 + Level 4.7 Bows
 + Level 4.7 Crossbows
 + Level 4.7 Throwing
 + Level 4.7 Armour
 + Level 6.6 Dodging
 + Level 10.7 Stealth
 + Level 4.7 Shields
 + Level 4.7 Unarmed Combat
 + Level 4.7 Spellcasting
 + Level 3.9 Conjurations
 + Level 3.9 Hexes
 + Level 3.9 Summonings
 + Level 3.9 Necromancy
 + Level 3.9 Translocations
 + Level 3.9 Transmutations
 + Level 3.9 Fire Magic
 + Level 3.9 Ice Magic
 + Level 3.9 Air Magic
 + Level 3.9 Earth Magic
 + Level 3.9 Poison Magic
 + Level 5.2 Invocations
 + Level 4.7 Evocations


You had 12 spell levels left.
You knew the following spells:

 Your Spells              Type           Power      Damage    Failure   Level
a - Static Discharge      Conj/Air       15%        N/A       100%        2
b - Tukima's Dance        Hex            15%        N/A       100%        3

Your spell library contained the following spells:

 Spells                   Type           Power      Damage    Failure   Level
 Anguish                  Hex/Necr       7%         N/A       100%        4
 Dispel Undead            Necr           15%        3d10      100%        4
 Sticky Flame             Conj/Fire      15%        2d4       100%        4
 Enfeeble                 Hex            7%         N/A       100%        7


Dungeon Overview and Level Annotations

Branches:
Dungeon (8/15)             Temple (1/1) D:4         Ossuary (visited)
   Lair: D:8-11

Altars:
Ashenzari
Elyvilon
Fedhas
Gozag
Kikubaaqudgha
Makhleb
Nemelex Xobeh
Ru
Vehumet
Wu Jian
Xom
Zin
The Shining One
Beogh

Shops:
D:8 [

Annotations:
D:4 3 runed translucent doors, lesaewzxc's ghost, amateur KoAM
D:7 Joseph


Innate Abilities, Weirdness & Mutations

You have very sharp teeth.
Your uncanny sense of smell can sniff out nearby items.
Your experience applies equally to all skills.
You have a pair of small antennae on your head.
You are partially covered in iridescent scales. (AC +2)
You occasionally shout uncontrollably at your foes.
Your spells are a little harder to cast, but a little more powerful.


Message History

The steam dragon bites you but does no damage.
The steam dragon barely misses you.
You hit the steam dragon but do no damage.
Your bite misses the steam dragon.
The steam dragon is almost dead.
The steam dragon breathes steam at you. The ball of steam hits you!
The steam dragon bites you. The steam dragon claws you.
You barely miss the steam dragon.
The steam dragon is severely wounded.
The steam dragon bites you.
The steam dragon claws you but does no damage.
You hit the steam dragon but do no damage.
You bite the steam dragon, but do no damage.
The steam dragon is severely wounded.
The steam dragon bites you.
The steam dragon claws you but does no damage.
The steam dragon breathes steam at you. The ball of steam hits you.
You hit the steam dragon.
The steam dragon is almost dead.
The steam dragon bites you but does no damage.
The steam dragon claws you but does no damage.
You closely miss the steam dragon.
The steam dragon is almost dead.
The steam dragon bites you but does no damage.
The steam dragon claws you but does no damage.
You completely miss the steam dragon.
The steam dragon is almost dead.
The steam dragon barely misses you.
The steam dragon claws you but does no damage.
You hit the steam dragon but do no damage.
The steam dragon is almost dead.
The steam dragon breathes steam at you. The ball of steam hits you!!
* * * LOW HITPOINT WARNING * * *
The steam dragon breathes steam at you. The ball of steam hits you!
You die...
Your body crumbles into a pile of gold.

.# #.# ## #.# .. #.#
## #. #.# ... #.
##.##....
##.###........
#.###...##@D# ...
#...$.#....ยง# ...
###########...##.##
#.#
#.........##.###.#
#.# .......##.##.#
#.# #.#
#.####.##.##.# #.#
#.# #.# #.##.##.###.#
##.## #.#
#.#.......#.####...##
#.#
#............##.#.#.#


You could see a steam dragon (catching breath).

Vanquished Creatures
  Pikel (D:5)
  A water moccasin (D:8)
  An orc warrior (D:8)
  A sky beast (D:7)
  An ice beast (D:4)
  2 black bears
  2 ogres
  3 centaurs
  3 phantoms
  2 kobold brigands (D:6)
  2 necrophages (D:6)
  5 scorpions
  5 wights (D:8)
  An oklob sapling (D:4)
  4 hounds
  7 iguanas
  4 orc wizards
  A mummy (Ossuary)
  7 adders
  2 white imps
  An ufetubus (D:4)
  A worm (D:2)
  5 dart slugs
  17 orcs
  A spectral bat (Ossuary)
  7 bats
  6 endoplasms
  A giant cockroach (D:3)
  3 goblins
  5 hobgoblins
  2 jackals (D:1)
  5 quokkas
  7 ball pythons
  5 bat simulacra (Ossuary)
  3 frilled lizards
  11 gnoll zombies (Ossuary)
  A goblin simulacrum (Ossuary)
  6 goblin zombies (Ossuary)
  4 hobgoblin zombies (Ossuary)
  13 kobolds
  2 kobold simulacra (Ossuary)
  4 kobold zombies (Ossuary)
  4 orc zombies (Ossuary)
  10 rats
  6 rat simulacra (Ossuary)
  2 rat zombies (D:5)
  3 spectral goblins (Ossuary)
  4 spectral kobolds (Ossuary)
  5 spectral rats (Ossuary)
199 creatures vanquished.

Vanquished Creatures (others)
  7 fungi
  21 plants
  7 toadstools (D:6)
35 creatures vanquished.

Grand Total: 234 creatures vanquished

Notes
Turn   | Place    | Note
-------+----------+-------------------------------------------
     0 | D:5      | Reached skill level 9 in Stealth
     0 | D:5      | croobank the Gnoll Delver began the quest for the Orb.
     0 | D:5      | Reached XP level 1. HP: 23/23 MP: 1/1
    24 | D:5      | Found a sand-covered staircase.
    46 | Ossuary  | Entered an ossuary
   160 | Ossuary  | Reached XP level 2. HP: 29/29 MP: 2/2
   369 | Ossuary  | Reached XP level 3. HP: 34/34 MP: 3/3
   466 | Ossuary  | Reached skill level 1 in Invocations
  1002 | Ossuary  | Reached skill level 1 in Short Blades
  1002 | Ossuary  | Reached skill level 1 in Long Blades
  1002 | Ossuary  | Reached skill level 1 in Maces & Flails
  1002 | Ossuary  | Reached skill level 1 in Polearms
  1002 | Ossuary  | Reached skill level 1 in Staves
  1002 | Ossuary  | Reached skill level 1 in Slings
  1002 | Ossuary  | Reached skill level 1 in Bows
  1002 | Ossuary  | Reached skill level 1 in Crossbows
  1002 | Ossuary  | Reached skill level 1 in Throwing
  1002 | Ossuary  | Reached skill level 1 in Armour
  1002 | Ossuary  | Reached skill level 1 in Shields
  1002 | Ossuary  | Reached skill level 1 in Unarmed Combat
  1002 | Ossuary  | Reached skill level 1 in Spellcasting
  1002 | Ossuary  | Reached skill level 1 in Evocations
  1013 | Ossuary  | Reached XP level 4. HP: 36/41 MP: 5/5
  1138 | D:5      | Noticed an ogre
  1199 | D:5      | HP: 3/61 [white imp (1)]
  1523 | D:5      | Noticed a scorpion
  1627 | D:5      | Reached skill level 1 in Conjurations
  1627 | D:5      | Reached skill level 1 in Hexes
  1627 | D:5      | Reached skill level 1 in Summonings
  1627 | D:5      | Reached skill level 1 in Necromancy
  1627 | D:5      | Reached skill level 1 in Translocations
  1627 | D:5      | Reached skill level 1 in Transmutations
  1627 | D:5      | Reached skill level 1 in Fire Magic
  1627 | D:5      | Reached skill level 1 in Ice Magic
  1627 | D:5      | Reached skill level 1 in Air Magic
  1627 | D:5      | Reached skill level 1 in Earth Magic
  1627 | D:5      | Reached skill level 1 in Poison Magic
  1631 | D:5      | Reached XP level 5. HP: 38/47 MP: 6/6
  1875 | D:3      | Learned a level 2 spell: Static Discharge
  1939 | D:3      | Found a faded altar of an unknown god.
  2499 | D:1      | Gained mutation: Your spells are a little harder to cast,
                  | but a little more powerful. [potion of mutation]
  2499 | D:1      | Gained mutation: You have a pair of small antennae on your
                  | head. [potion of mutation]
  2499 | D:1      | Gained mutation: You occasionally shout uncontrollably at
                  | your foes. [potion of mutation]
  2499 | D:1      | Gained mutation: You are partially covered in iridescent
                  | scales. (AC +2) [potion of mutation]
  3746 | D:3      | Reached XP level 6. HP: 52/53 MP: 8/8
  3879 | D:3      | Found a glowing silver altar of Zin.
  4141 | D:4      | Found a staircase to the Ecumenical Temple.
  4160 | Temple   | Entered the Ecumenical Temple
  4262 | Temple   | Became a worshipper of Gozag Ym Sagoz the Greedy
  4282 | D:4      | Reached skill level 5 in Axes
  4282 | D:4      | Reached skill level 5 in Dodging
  4388 | D:4      | Found a runed translucent gate.
  4388 | D:4      | Found a runed translucent gate.
  4389 | D:4      | Found a runed translucent gate.
  4392 | D:4      | Noticed lesaewzxc's ghost (amateur KoAM)
  4395 | D:4      | Identified the +10 short sword of Uhitegehi {venom, Int+2
                  | Dex-3 Stlth+}
  4395 | D:4      | Identified the +6 ring mail of the Ten of Swords {*Slow
                  | rPois rF+ Dex+2}
  4419 | D:4      | Reached XP level 7. HP: 39/59 MP: 10/10
  4571 | D:4      | Found a glowing golden altar of the Shining One.
  5264 | D:5      | Noticed Pikel
  5270 | D:5      | Killed Pikel
  5271 | D:5      | Reached skill level 10 in Stealth
  5271 | D:5      | Reached XP level 8. HP: 45/67 MP: 10/12
  6441 | D:6      | Reached XP level 9. HP: 56/72 MP: 14/14
  6554 | D:6      | Noticed a two-headed ogre
  7904 | D:7      | Learned a level 3 spell: Tukima's Dance
  7948 | D:7      | Noticed Joseph
  9077 | D:8      | Reached skill level 5 in Invocations
  9611 | D:8      | Found Pidusif's Antique Armour Shoppe.
  9615 | D:8      | Bought a runed plate armour for 650 gold pieces
  9765 | D:8      | Killed from afar by a steam dragon

Illustrated notes

Levels and vault maps discovered:
D:1:      dpeg_arrival_court, layout_loops_cross, minmay_misc_feat_square,
          minmay_nonomino_d4
D:2:      layout_loops_cross, minmay_bisected
D:3:      layout_basic, mainiacjoe_overflow_alcove_2,
          shapermc_ecumenical_altar_mp_urbaneastern
D:4:      layout_cave_pods, tso_metal_star, minmay_temple_entry_oklob,
          biasface_ghost_orc_armoury, serial_park, serial_park_gazebo
          [serial_park_minivault_5x5_8], serial_park_square3
          [serial_park_minivault_5x5_5], serial_park_tiny_pond
D:5:      layout_cave_pods, enter_ossuary_4, serial_bayou_pond_e, uniq_pikel
D:6:      cheibrodos_fertilizer, layout_basic
D:7:      layout_loops_ring, uniq_joseph, uniq_prince_ribbit1
D:8:      layout_loops_ring, serial_shops, shop, small_statue_intersection
Temple:   eino_temple_rhombus

Skill      XL: |  1  2  3  4  5  6  7  8  9 |
---------------+----------------------------+-----
Stealth        | 10 | 10.7
Invocations    | 1 2 3 4 5 |  5.2
Short Blades   | 1 2 3 4 |  4.7
Long Blades    | 1 2 3 4 |  4.7
Maces & Flails | 1 2 3 4 |  4.7
Polearms       | 1 2 3 4 |  4.7
Staves         | 1 2 3 4 |  4.7
Slings         | 1 2 3 4 |  4.7
Bows           | 1 2 3 4 |  4.7
Crossbows      | 1 2 3 4 |  4.7
Throwing       | 1 2 3 4 |  4.7
Armour         | 1 2 3 4 |  4.7
Shields        | 1 2 3 4 |  4.7
Unarmed Combat | 1 2 3 4 |  4.7
Spellcasting   | 1 2 3 4 |  4.7
Evocations     | 1 2 3 4 |  4.7
Conjurations   | 1 2 3 |  3.9
Hexes          | 1 2 3 |  3.9
Summonings     | 1 2 3 |  3.9
Necromancy     | 1 2 3 |  3.9
Translocations | 1 2 3 |  3.9
Transmutations | 1 2 3 |  3.9
Fire Magic     | 1 2 3 |  3.9
Ice Magic      | 1 2 3 |  3.9
Air Magic      | 1 2 3 |  3.9
Earth Magic    | 1 2 3 |  3.9
Poison Magic   | 1 2 3 |  3.9
Axes           | 5 6 |  6.6
Dodging        | 5 6 |  6.6
Fighting       | 7 8 |  8.1

Action                   |  1- 3 |  4- 6 |  7- 9 || total
-------------------------+-------+-------+-------++-------
Melee: Hand axe          |   185 |    51 |       ||   236
       Bite              |    21 |    16 |    31 ||    68
       Punch             |     4 |       |    12 ||    16
       War axe           |       |   134 |   215 ||   349
       Dagger            |       |       |    78 ||    78
 Cast: Tukima's Dance    |       |       |     1 ||     1
       Static Discharge  |       |       |     1 ||     1
Evoke: Wand              |       |       |     8 ||     8
  Use: Scroll            |     4 |     7 |     8 ||    19
       Potion            |       |     5 |     6 ||    11
 Stab: Sleeping          |    10 |    20 |     4 ||    34
       Distracted        |     2 |       |     1 ||     3
Armor: Leather armour    |    33 |    63 |    84 ||   180
       Skin              |       |     2 |       ||     2
       Plate armour      |       |       |    22 ||    22
Dodge: Dodged            |    78 |   131 |   225 ||   434

Table legend: (Time is in decaauts)
 A = Elapsed time spent in this place.
 B = Non-inter-level travel time spent in this place.
 C = Inter-level travel time spent in this place.
 D = Time resting spent in this place.
 E = Time spent auto-exploring this place.
 F = Levels seen in this place.
 G = Mean time per level.
                   A        B        C        D        E       F      G
               +--------+--------+--------+--------+--------+-----+--------+
         Total |   9829 |   9548 |    281 |   2544 |   3942 |  10 |  982.9 |
       Dungeon |   8622 |   8357 |    265 |   2133 |   3696 |   8 | 1077.8 |
        Temple |    118 |    102 |     16 |      0 |     89 |   1 |  118.0 |
       Ossuary |   1087 |   1087 |      0 |    411 |    157 |   1 | 1087.0 |
               +--------+--------+--------+--------+--------+-----+--------+

Top non-repeatable levels by time:
     D:6: 1590 daAuts
     D:5: 1453 daAuts
     D:7: 1181 daAuts
     D:4: 1110 daAuts
 Ossuary: 1087 daAuts
     D:8: 925 daAuts
     D:3: 824 daAuts
     D:1: 774 daAuts
     D:2: 762 daAuts
  Temple: 118 daAuts
